 Dungeon Crawl Stone Soup version 0.29.0-7-g18a832c13a (webtiles) character file.

Game seed: 15485212193981292528

126 gelatine the Gusty (level 4, 0/34 HPs)
             Began as a Palentonga Air Elementalist on Aug 31, 2022.
             Was a Believer of Fedhas.
             Slain by a river rat (8 damage)
             ... in a sewer.
             The game lasted 00:09:31 (2735 turns).

gelatine the Gusty (Palentonga Air Elementalist)    Turns: 2735, Time: 00:09:32

Health: 0/34       AC:  5    Str: 13    XL:     4   Next: 83%
Magic:  3/7        EV: 10    Int: 17    God:    Fedhas [**....]
Gold:   128        SH:  0    Dex: 11    Spells: 6/7 levels left

rFire   . . .      SeeInvis +   f - +0 spear
rCold   . . .      Faith    .   (no shield)
rNeg    . . .      Spirit   .   a - +0 robe
rPois   .          Reflect  .   (no helmet)
rElec   .          Harm     .   l - +0 cloak
rCorr   .          Rampage  .   (no gloves)
Will    .....                   (no barding)
Stlth   ++........              (no amulet)
HPRegen 0.11/turn               (no ring)
MPRegen 0.10/turn               (no ring)

@: very slightly contaminated
A: large, rugged brown scales 3, see invisible, deformed body, roll 1, armoured
tail
a: Rolling Charge, Renounce Religion, Wall of Briars


You were in a sewer.
You worshipped Fedhas.
Fedhas was pleased with you.
You visited 1 branch of the dungeon, and saw 3 of its levels.
You also visited: Sewer.

You collected 128 gold pieces.

Inventory:

Hand Weapons
 f - a +0 spear (weapon)
Armour
 a - a +0 robe (worn)
 l - a +0 cloak (worn)
Scrolls
 e - a scroll of vulnerability
 g - 2 scrolls of fog
 i - a scroll of fear
 m - a scroll of noise {unknown}
 o - 2 scrolls of teleportation
 p - a scroll of silence {unknown}
Potions
 b - a potion of magic
 c - a potion of degeneration {unknown}
 d - 2 potions of curing {unknown}
 h - a potion of haste {unknown}
 j - a potion of berserk rage {unknown}
 k - a potion of heal wounds {unknown}
 n - a potion of invisibility {unknown}


   Skills:
 * Level 1.1 Fighting
 + Level 0.2 Short Blades
 + Level 0.6(1.3) Axes
 + Level 1.5(1.6) Polearms
 + Level 2.0 Dodging
 + Level 1.5 Stealth
 + Level 2.4 Spellcasting
 + Level 1.2 Conjurations
 + Level 3.0 Air Magic
 * Level 1.1 Invocations


You had 6 spell levels left.
You knew the following spells:

 Your Spells              Type           Power      Damage    Failure   Level
a - Shock                 Conj/Air       36%        1d5       8%          1

Your spell library contained the following spells:

 Spells                   Type           Power      Damage    Failure   Level
 Magic Dart               Conj           24%        1d4       11%         1
 Static Discharge         Conj/Air       9%         3-5/arc   12%         2
 Swiftness                Air            12%        N/A       16%         3
 Call Imp                 Summ           2%         N/A       28%         2
 Ensorcelled Hibernation  Hex/Ice        4%         N/A       28%         2
 Mephitic Cloud           Conj/Pois/Air  6%         N/A       30%         3
 Airstrike                Air            6%         2d(1-17)  47%         4
 Gell's Gravitas          Tloc           2%         N/A       50%         3
 Spider Form              Tmut/Pois      2%         N/A       50%         3
 Teleport Other           Tloc           2%         N/A       50%         3
 Anguish                  Hex/Necr       1%         N/A       88%         4
 Dispersal                Tloc           1%         N/A       100%        6


Dungeon Overview and Level Annotations

Branches:
Dungeon (3/15)              Sewer (1/1)

Altars:
Fedhas


Innate Abilities, Weirdness & Mutations

You are completely covered in rugged brown scales. (AC +3, +7% HP)
You have supernaturally acute eyesight. (SInv)
Armour fits poorly on your strangely shaped body.
You can roll at nearby foes to attack.
You have a long armoured tail.


Message History

The river rat is almost dead.
The river rat closely misses you. The river rat barely misses you.
Casting: Shock (safe; 8% risk of failure)
Confirm with . or Enter, or press ? or * to list all spells.
Aiming: Shock (safe; 8% risk of failure)
Press: ? - help, Shift-Dir - straight line, f - river rat
Aim: a river rat (almost dead, 64% to hit)
The zap hits the river rat.
You kill the river rat!
Fedhas appreciates your contribution to the ecosystem.
The river rat bites you.
Your Dodging skill increases to level 2!
Your Air Magic skill increases to level 3!
Casting: Shock (safe; 8% risk of failure)
Confirm with . or Enter, or press ? or * to list all spells.
Aiming: Shock (safe; 8% risk of failure)
Press: ? - help, Shift-Dir - straight line, f - river rat
Aim: a river rat (64% to hit)
The zap hits the river rat but does no damage.
The river rat bites you.
Unknown command.
Casting: Shock (safe; 8% risk of failure)
Confirm with . or Enter, or press ? or * to list all spells.
Aiming: Shock (safe; 8% risk of failure)
Press: ? - help, Shift-Dir - straight line, f/p - river rat
Aim: a river rat (64% to hit)
The zap hits the river rat.
The river rat is moderately wounded.
The river rat bites you.
* * * LOW HITPOINT WARNING * * *
Casting: Shock (safe; 8% risk of failure)
Confirm with . or Enter, or press ? or * to list all spells.
Aiming: Shock (safe; 8% risk of failure)
Press: ? - help, Shift-Dir - straight line, f/p - river rat
Aim: a river rat (moderately wounded, 64% to hit)
You miscast Shock.
You are very lightly contaminated with residual magic.
Nothing appears to happen.
The river rat bites you!
You die...
Fedhas appreciates your contribution to the ecosystem.

#.≈~# #~≈~# #..#
#~≈~# #..# #~≈~#
#..# #~≈~####..#
#~≈~##.#..#
#.≈~##.'..+
#~≈~##.'r.+
#~≈.# #@.# #~≈.#
#..# #~≈.# #~~#
#~≈.# #.~#
#.≈~####~~####~≈
#~≈†~~~~~~~~~~~~
#~≈≈≈≈≈≈~~≈≈≈≈≈≈
#~.††~.~..~~.~~~
#≈≈≈############


You could see a river rat.

Vanquished Creatures
  4 adders
  2 river rats (Sewer)
  2 worms
  2 dart slugs
  4 endoplasms
  3 giant cockroaches
  4 goblins
  3 hobgoblins
  A kobold (D:2)
  9 quokkas
  4 ball pythons
  7 bats
  6 rats
51 creatures vanquished.

Vanquished Creatures (collateral kills)
  A river rat (Sewer)
  2 kobolds (D:3)
3 creatures vanquished.

Grand Total: 54 creatures vanquished

Notes
Turn   | Place    | Note
-------+----------+-------------------------------------------
     0 | D:1      | gelatine the Palentonga Air Elementalist began the quest
                  | for the Orb.
     0 | D:1      | Reached XP level 1. HP: 13/13 MP: 3/3
   307 | D:1      | Reached XP level 2. HP: 21/21 MP: 3/5
   521 | D:1      | Found a faded altar of an unknown god.
   527 | D:1      | Prayed at the altar of an unknown god.
   527 | D:1      | Became a worshipper of Fedhas Madash
   527 | D:1      | Reached * piety under Fedhas
   991 | D:2      | Reached XP level 3. HP: 4/26 MP: 4/6
  1788 | D:3      | Reached skill level 1 in Conjurations
  2206 | D:3      | Reached ** piety under Fedhas
  2207 | D:3      | Reached skill level 1 in Polearms
  2207 | D:3      | Reached XP level 4. HP: 29/33 MP: 7/7
  2314 | D:3      | Found a glowing drain.
  2318 | Sewer    | Entered a sewer
  2439 | Sewer    | Reached skill level 1 in Fighting
  2520 | Sewer    | Reached skill level 1 in Invocations
  2733 | Sewer    | Reached skill level 3 in Air Magic
  2735 | Sewer    | Slain by a river rat

Illustrated notes

Levels and vault maps discovered:
D:1:      dpeg_arrival_prison, layout_loops_ring, basic_ecumenical_altar
D:2:      layout_basic, serial_bayou_pond_e
D:3:      layout_rooms, nicolae_overflow_hidden_temple, gup_sewer_entry_spiral
Sewer:    sewer_fruit_machine

Skill      XL: |  1  2  3  4 |
---------------+-------------+-----
Conjurations   | 1 |  1.2
Polearms       | 1 |  1.5
Fighting       | 1 |  1.1
Invocations    | 1 |  1.1
Dodging        | 2 |  2.0
Air Magic      | 3 |  3.0
Short Blades   | |  0.2
Axes           | |  0.6
Stealth        | |  1.5
Spellcasting   | |  2.4

Action                   |  1- 3 |  4- 6 || total
-------------------------+-------+-------++-------
Melee: Dagger            |     7 |       ||     7
       Unarmed           |     2 |       ||     2
       Spear             |    90 |    39 ||   129
       War axe           |    16 |       ||    16
       Tailslap          |     6 |     2 ||     8
       Punch             |     1 |     1 ||     2
 Cast: Shock             |    36 |    27 ||    63
Invok: Wall of Briars    |       |     1 ||     1
 Abil: Rolling Charge    |    12 |       ||    12
  Use: Scroll            |     5 |       ||     5
       Potion            |     2 |       ||     2
 Stab: Sleeping          |     1 |       ||     1
Armor: Robe              |    46 |    17 ||    63
Dodge: Dodged            |    51 |    24 ||    75
